Panthers vs Maroons

Created - 19 novembre 2020 at 17:40

Goals
1 2 3 OT1 T
Panthers 0 1 1 0 2
Maroons 1 0 1 1 3
Shots
1 2 3 OT1 T
Panthers 10 9 15 0 34
Maroons 14 12 9 1 36

1st period

1. Maroons , Matthew Tkachuk 1 (Pierre-Luc Dubois 3) at 15:27

Penalties :
Marcus Foligno (FLA) for Delaying the game (Minor) at 6:24, Marcus Foligno (FLA) for Hooking (Minor) at 17:34

2nd period

2. Panthers , Josh Archibald 1 (Josh Norris 2) at 18:00

Penalties :
Mats Zuccarello (FLA) for High sticking (Minor) at 5:07

3rd period

3. Maroons , Nick Ritchie 1 (Carl Gunnarsson 1, Nicolas Aube-Kubel 1) at 2:47
4. Panthers , Nikita Gusev 1 (Nathan Beaulieu 1, Patrik Nemeth 1) at 17:45 (PP)

Penalties :
Bryan Rust (MON) for Slashing (Minor) at 0:22, Travis Zajac (FLA) for Holding (Minor) at 10:45, Nick Ritchie (MON) for Holding (Minor) at 17:34, Jacob Trouba (MON) for Holding (Minor) at 19:53

Overtime #1

5. Maroons , Brendan Gallagher 1 (Pierre-Luc Dubois 4, Jacob Trouba 3) at 2:26

Penalties :
No Penalty

Goalie Stats

Pekka Rinne (FLA), 33 saves from 36 shots - (0,917), OTL, 0-1-3, 62:26 minutes
John Gibson (MON), 32 saves from 34 shots - (0,941), W, 2-1-1, 62:26 minutes

Players Stats for Panthers

Player Name              G  A  P  +/- PIM S  H  SB GA TA FO     MP     PP MP  PK MP  
------------------------------------------------------------------------------------
Garnet Hathaway          0  0  0   0  0   0  0  0  0  0  0/0     6:50   0:00   0:00 
Greg Pateryn             0  0  0   0  0   0  1  0  0  1  0/0    21:43   1:00   3:03 
Jacob de La Rose         0  0  0   0  0   1  3  0  0  0  3/3     8:28   0:00   1:12 
Jamie Oleksiak           0  0  0  -1  0   0  0  1  0  0  0/0    13:29   0:00   0:00 
Jonas Siegenthaler       0  0  0   0  0   1  4  3  0  1  0/0    24:33   1:00   3:03 
Josh Archibald           1  0  1   0  0   3  0  0  0  0  0/1    11:03   0:00   0:00 
Josh Norris              0  1  1   0  0   2  1  0  0  0  0/6    11:24   0:00   0:00 
Marcus Foligno           0  0  0  -2  4   3  3  0  0  0  1/1    16:31   1:07   1:11 
Mats Zuccarello          0  0  0   0  2   2  0  0  0  0  0/3    19:55   1:09   0:00 
Matt Moulson             0  0  0   0  0   2  0  0  0  0  0/0    11:24   0:00   0:00 
Nathan Beaulieu          0  1  1  -1  0   3  0  1  0  0  0/0    13:38   0:09   0:00 
Nikita Gusev             1  0  1  -1  0   6  4  1  0  1  0/0    18:58   1:07   4:37 
Patrik Nemeth            0  1  1  -1  0   4  0  0  0  1  0/0    24:24   1:16   4:53 
Rocco Grimaldi           0  0  0   0  0   1  0  0  1  0  0/0     9:51   0:00   2:39 
Taylor Hall              0  0  0   0  0   1  0  1  0  1  1/1    20:16   1:09   0:00 
Travis Zajac             0  0  0  -2  2   0  1  0  0  2  7/19   17:16   1:07   1:57 
Trevor Daley             0  0  0   0  0   0  0  0  0  0  0/0     2:50   0:00   0:00 
Tyson Barrie             0  0  0  -1  0   0  1  0  0  0  0/0    24:15   1:07   4:53 
Vincent Trocheck         0  0  0   0  0   5  3  2  1  0  14/25  24:56   1:09   4:16 

Players Stats for Maroons

Player Name              G  A  P  +/- PIM S  H  SB GA TA FO     MP     PP MP  PK MP  
------------------------------------------------------------------------------------
Bo Horvat                0  0  0  -1  0   3  1  2  0  1  16/27  21:42   4:29   2:20 
Brendan Gallagher        1  0  1   0  0   2  2  1  1  0  1/2    19:31   4:29   0:00 
Brenden Dillon           0  0  0   0  0   2  1  2  1  0  0/0    21:50   4:13   1:43 
Bryan Rust               0  0  0  -1  2   2  0  0  1  0  1/6    20:18   4:29   0:37 
Cal Clutterbuck          0  0  0   0  0   0  1  0  0  0  1/1    12:46   0:05   0:47 
Carl Gunnarsson          0  1  1   1  0   0  1  0  0  0  0/0    12:01   0:00   0:09 
Charlie Coyle            0  0  0   1  0   1  0  1  0  0  0/0    18:59   3:22   0:00 
Esa Lindell              0  0  0   0  0   0  1  2  0  1  0/0    28:10   3:43   2:24 
Filip Zadina             0  0  0   0  0   4  2  1  0  0  0/0    11:41   0:00   0:00 
Frederik Gauthier        0  0  0   0  0   0  0  0  0  0  0/0     0:18   0:05   0:00 
Jacob Trouba             0  1  1   0  2   0  1  1  1  0  0/0    27:20   3:43   1:07 
Jay Beagle               0  0  0   1  0   0  0  0  0  0  1/1     7:24   0:00   0:00 
John Hayden              0  0  0   0  0   0  0  0  0  0  0/0     0:18   0:05   0:00 
Matthew Tkachuk          1  0  1   1  0   7  2  0  0  0  0/0    19:43   3:22   0:21 
Nick Ritchie             1  0  1   1  2   4  0  0  0  0  0/1     7:23   0:00   0:00 
Nick Schmaltz            0  0  0   0  0   3  0  0  2  0  3/8    13:08   0:00   1:27 
Nicolas Aube-Kubel       0  1  1   1  0   1  1  1  0  0  0/0     7:24   0:00   0:00 
Pierre-Luc Dubois        0  2  2   2  0   7  1  0  0  0  10/13  20:05   3:22   0:53 
Rasmus Sandin            0  0  0   1  0   0  0  0  0  0  0/0    13:01   0:00   1:10 
Ryan McDonagh            0  0  0   1  0   0  0  1  1  0  0/0    21:58   4:13   1:45 

3 Stars

1 - Pierre-Luc Dubois (MON)
2 - Matthew Tkachuk (MON)
3 - John Gibson (MON)

Power Play

Panthers - 1 on 3 Attempt(s) - 33,33%
Maroons - 0 on 4 Attempt(s) - 0,00%

Penalty Kill

Panthers - 4 on 4 Attempt(s) - 100,00% - Score 0 goal in Penalty Kill
Maroons - 2 on 3 Attempt(s) - 66,67% - Score 0 goal in Penalty Kill

Team Stat

Panthers - Hits : 21 - Faceoff Wins : 26 - Blocked Shots : 9 - Penalty Minutes : 8
Maroons - Hits : 14 - Faceoff Wins : 33 - Blocked Shots : 12 - Penalty Minutes : 6

Official

Referees : Justin St. Pierre and Andrew Howard
Linesman : Andrew Smith and Brent Colby

Game Notes

No Game Note

Finance

Level 1 -- Attendance: 4441 (74,02%) -- Ticket Income 444 100 $
Level 2 -- Attendance: 4622 (92,44%) -- Ticket Income 277 320 $
Level 3 -- Attendance: 1978 (98,90%) -- Ticket Income 69 230 $
Level 4 -- Attendance: 3798 (94,95%) -- Ticket Income 75 960 $
Luxury Box -- Attendance: 811 (81,10%) -- Ticket Income 162 200 $
Game was played at the Arena de Verdun.
Total Attendance: 15650 (86,94%)
Total Ticket Income: 1 028 810 $
Other Income: 504 117 $
Total Income: 1 532 927 $

Panthers

5 vs 5 Forward 
   Center                   Left Wing                Right Wing               Time % Phy DF OF 
 1 Vincent Trocheck         Taylor Hall              Mats Zuccarello          38     1   2  2  
 2 Travis Zajac             Marcus Foligno           Nikita Gusev             32     1   2  2  
 3 Josh Norris              Matt Moulson             Josh Archibald           20     1   2  2  
 4 Jacob de La Rose         Rocco Grimaldi           Garnet Hathaway          10     1   2  2  

5 vs 5 Defense 
   Defense                  Defense                                           Time % Phy DF OF 
 1 Patrik Nemeth            Jonas Siegenthaler                                35     1   2  2  
 2 Tyson Barrie             Greg Pateryn                                      32     1   2  2  
 3 Nathan Beaulieu          Jamie Oleksiak                                    23     1   2  2  
 4 Trevor Daley             Jonas Siegenthaler                                10     1   2  2  

PowerPlay Forward 
   Center                   Left Wing                Right Wing               Time % Phy DF OF 
 1 Vincent Trocheck         Taylor Hall              Mats Zuccarello          55     1   2  2  
 2 Travis Zajac             Marcus Foligno           Nikita Gusev             45     1   2  2  

PowerPlay Defense
   Defense                  Defense                                           Time % Phy DF OF 
 1 Patrik Nemeth            Tyson Barrie                                      60     1   2  2  
 2 Jonas Siegenthaler       Greg Pateryn                                      40     1   2  2  

Penalty Kill 4 Players Forward 
   Center                   Wing                     Time % Phy DF OF 
 1 Vincent Trocheck         Nikita Gusev             60     1   2  2  
 2 Travis Zajac             Marcus Foligno           40     1   2  2  

Penalty Kill 4 Players Defense
   Defense                  Defense                  Time % Phy DF OF 
 1 Patrik Nemeth            Tyson Barrie             55     1   2  2  
 2 Jonas Siegenthaler       Greg Pateryn             45     1   2  2  

Penalty Kill - 3 Players Forward 
   Forward                                           Time % Phy DF OF 
 1 Travis Zajac                                      60     1   2  2  
 2 Taylor Hall                                       40     1   2  2  

Penalty Kill - 3 Players Defense
   Defense                  Defense                  Time % Phy DF OF 
 1 Patrik Nemeth            Tyson Barrie             55     1   2  2  
 2 Jonas Siegenthaler       Greg Pateryn             45     1   2  2  

4 vs 4 Forward 
   Center                   Wing                     Time % Phy DF OF 
 1 Vincent Trocheck         Taylor Hall              56     1   2  2  
 2 Travis Zajac             Marcus Foligno           44     1   2  2  

4 vs 4 Defense
   Defense                  Defense                  Time % Phy DF OF 
 1 Patrik Nemeth            Tyson Barrie             55     1   2  2  
 2 Jonas Siegenthaler       Greg Pateryn             45     1   2  2  

Last Minutes Offensive
   Center                   Left Wing                Right Wing               Defense                  Defense                  
   Vincent Trocheck         Taylor Hall              Mats Zuccarello          Trevor Daley             Tyson Barrie             

Last Minutes Defensive
   Center                   Left Wing                Right Wing               Defense                  Defense                  
   Travis Zajac             Marcus Foligno           Mats Zuccarello          Jonas Siegenthaler       Tyson Barrie             

Goaltenders
Starting : Pekka Rinne              
Backup : Antti Raanta             

Extra Forwards
Normal : Josh Norris, Matt Moulson, Rocco Grimaldi - PP : Josh Norris, Matt Moulson - PK : Rocco Grimaldi
Extra Defensemen
Normal : Greg Pateryn, Jamie Oleksiak, Trevor Daley - PP : Nathan Beaulieu - PK : Jamie Oleksiak, Trevor Daley
Penalty Shots
Mats Zuccarello, Taylor Hall, Travis Zajac, Marcus Foligno, Nikita Gusev
Custom OT Lines Forwards
Vincent Trocheck, Marcus Foligno, Travis Zajac, Taylor Hall, Mats Zuccarello, Nikita Gusev, Matt Moulson, Rocco Grimaldi, Josh Norris, Jacob de La Rose
Custom OT Lines Defensemen
Patrik Nemeth, Tyson Barrie, Jonas Siegenthaler, Greg Pateryn, Nathan Beaulieu

Scratches
Aaron Dell (Healthy), Marcus Hogberg (Healthy)

Maroons

5 vs 5 Forward 
   Center                   Left Wing                Right Wing               Time % Phy DF OF 
 1 Bo Horvat                Bryan Rust               Brendan Gallagher        40     1   2  2  
 2 Pierre-Luc Dubois        Matthew Tkachuk          Charlie Coyle            30     1   2  2  
 3 Nick Schmaltz            Cal Clutterbuck          Filip Zadina             20     1   2  2  
 4 Jay Beagle               Nick Ritchie             Nicolas Aube-Kubel       10     1   2  2  

5 vs 5 Defense 
   Defense                  Defense                                           Time % Phy DF OF 
 1 Esa Lindell              Jacob Trouba                                      40     1   2  2  
 2 Ryan McDonagh            Brenden Dillon                                    30     1   2  2  
 3 Carl Gunnarsson          Rasmus Sandin                                     20     1   2  2  
 4 Esa Lindell              Jacob Trouba                                      10     1   2  2  

PowerPlay Forward 
   Center                   Left Wing                Right Wing               Time % Phy DF OF 
 1 Bo Horvat                Bryan Rust               Brendan Gallagher        60     1   2  2  
 2 Pierre-Luc Dubois        Matthew Tkachuk          Charlie Coyle            40     1   2  2  

PowerPlay Defense
   Defense                  Defense                                           Time % Phy DF OF 
 1 Esa Lindell              Jacob Trouba                                      60     1   2  2  
 2 Ryan McDonagh            Brenden Dillon                                    40     1   2  2  

Penalty Kill 4 Players Forward 
   Center                   Wing                     Time % Phy DF OF 
 1 Bo Horvat                Bryan Rust               60     1   2  2  
 2 Matthew Tkachuk          Pierre-Luc Dubois        40     1   2  2  

Penalty Kill 4 Players Defense
   Defense                  Defense                  Time % Phy DF OF 
 1 Esa Lindell              Jacob Trouba             60     1   2  2  
 2 Ryan McDonagh            Brenden Dillon           40     1   2  2  

Penalty Kill - 3 Players Forward 
   Forward                                           Time % Phy DF OF 
 1 Bo Horvat                                         60     1   2  2  
 2 Bryan Rust                                        40     1   2  2  

Penalty Kill - 3 Players Defense
   Defense                  Defense                  Time % Phy DF OF 
 1 Esa Lindell              Jacob Trouba             60     1   2  2  
 2 Ryan McDonagh            Brenden Dillon           40     1   2  2  

4 vs 4 Forward 
   Center                   Wing                     Time % Phy DF OF 
 1 Bo Horvat                Bryan Rust               60     1   2  2  
 2 Matthew Tkachuk          Pierre-Luc Dubois        40     1   2  2  

4 vs 4 Defense
   Defense                  Defense                  Time % Phy DF OF 
 1 Esa Lindell              Jacob Trouba             60     1   2  2  
 2 Ryan McDonagh            Brenden Dillon           40     1   2  2  

Last Minutes Offensive
   Center                   Left Wing                Right Wing               Defense                  Defense                  
   Bo Horvat                Bryan Rust               Brendan Gallagher        Esa Lindell              Jacob Trouba             

Last Minutes Defensive
   Center                   Left Wing                Right Wing               Defense                  Defense                  
   Bo Horvat                Bryan Rust               Brendan Gallagher        Esa Lindell              Jacob Trouba             

Goaltenders
Starting : John Gibson              
Backup : Philippe Desrosiers      

Extra Forwards
Normal : Frederik Gauthier, John Hayden, Nick Schmaltz - PP : Frederik Gauthier, John Hayden - PK : Nick Schmaltz
Extra Defensemen
Normal : Carl Gunnarsson, Rasmus Sandin, Ryan McDonagh - PP : Carl Gunnarsson - PK : Rasmus Sandin, Ryan McDonagh
Penalty Shots
Bo Horvat, Bryan Rust, Matthew Tkachuk, Pierre-Luc Dubois, Brendan Gallagher
Custom OT Lines Forwards
Bo Horvat, Bryan Rust, Matthew Tkachuk, Pierre-Luc Dubois, Brendan Gallagher, Charlie Coyle, Nick Schmaltz, Cal Clutterbuck, Filip Zadina, Nick Ritchie
Custom OT Lines Defensemen
Esa Lindell, Jacob Trouba, Ryan McDonagh, Brenden Dillon, Carl Gunnarsson

Scratches
Dylan McIlrath (Strained Right Elbow Injury)

% Time on Ice - Panthers

Lines # - Real PCT - Wanted PCT - Time Play
Normal Forward
1 - 37% - 38% - 18:35
2 - 27% - 32% - 13:20
3 - 22% - 20% - 11:03
4 - 14% - 10% - 6:50
Normal Defense
1 - 34% - 35% - 16:41
2 - 34% - 32% - 16:48
3 - 27% - 23% - 13:29
4 - 6% - 10% - 2:50
PP Forward
1 - 51% - 55% - 1:09
2 - 49% - 45% - 1:07
PP Defense
1 - 56% - 60% - 1:16
2 - 44% - 40% - 1:00
PK Forward
1 - 68% - 60% - 5:24
2 - 32% - 40% - 2:32
PK Defense
1 - 62% - 55% - 4:53
2 - 38% - 45% - 3:03
PK3 Forward
1 - 0% - 60%
2 - 0% - 40%
PK3 Defense
1 - 0% - 55%
2 - 0% - 45%
44 Forward
1 - 70% - 56% - 1:19
2 - 30% - 44% - 0:34
44 Defense
1 - 54% - 55% - 1:01
2 - 46% - 45% - 0:52
Last Minute Offensive  - 0:00
Last Minute Defensive  - 0:00
Total
Forward - 61:53
Defense - 61:53

% Time on Ice - Maroons

Lines # - Real PCT - Wanted PCT - Time Play
Normal Forward
1 - 30% - 40% - 15:06
2 - 31% - 30% - 15:37
3 - 23% - 20% - 11:41
4 - 15% - 10% - 7:24
Normal Defense
1 - 41% - 40% - 20:17
2 - 32% - 30% - 15:54
3 - 24% - 20% - 11:51
4 - 4% - 10% - 1:46
PP Forward
1 - 58% - 60% - 4:34
2 - 42% - 40% - 3:22
PP Defense
1 - 47% - 60% - 3:43
2 - 53% - 40% - 4:13
PK Forward
1 - 100% - 60% - 2:16
2 - 0% - 40% - 0:00
PK Defense
1 - 54% - 60% - 1:13
2 - 46% - 40% - 1:03
PK3 Forward
1 - 82% - 60% - 1:33
2 - 18% - 40% - 0:20
PK3 Defense
1 - 65% - 60% - 1:13
2 - 35% - 40% - 0:40
44 Forward
1 - 0% - 60%
2 - 0% - 40%
44 Defense
1 - 0% - 60%
2 - 0% - 40%
Last Minute Offensive  - 0:00
Last Minute Defensive  - 0:00
Total
Forward - 61:53
Defense - 61:53

Play-by-Play

1st period


0:01 of 1st period - Bo Horvat wins face-off versus Vincent Trocheck in neutral zone.
1:18 of 1st period - Off-side.
1:19 of 1st period - Vincent Trocheck wins face-off versus Bryan Rust in neutral zone.
1:24 of 1st period - Wrist shot by Vincent Trocheck.
1:24 of 1st period - Stopped by John Gibson without a rebound.
1:25 of 1st period - Vincent Trocheck wins face-off versus Bo Horvat in Maroons zone.
3:45 of 1st period - Snap shot by Josh Norris.
3:45 of 1st period - Stopped by John Gibson without a rebound.
3:46 of 1st period - Bo Horvat wins face-off versus Vincent Trocheck in Maroons zone.
4:30 of 1st period - Slapshot by Pierre-Luc Dubois.
4:30 of 1st period - Stopped by Pekka Rinne with a rebound.
4:42 of 1st period - Off-side.
4:43 of 1st period - Bo Horvat wins face-off versus Vincent Trocheck in neutral zone.
4:50 of 1st period - Wrist shot by Bryan Rust.
4:50 of 1st period - Shot Blocked by Vincent Trocheck.
5:08 of 1st period - Patrik Nemeth is hit by Filip Zadina and loses puck.
5:35 of 1st period - Charlie Coyle is hit by Jacob de La Rose and loses puck.
5:58 of 1st period - Snap shot by Taylor Hall.
5:58 of 1st period - Shot Misses the Net.
6:00 of 1st period - Snap shot by Taylor Hall.
6:00 of 1st period - Stopped by John Gibson with a rebound.
6:22 of 1st period - Snap shot by Brendan Gallagher.
6:22 of 1st period - Shot Misses the Net.
6:24 of 1st period - Minor Penalty to Marcus Foligno for Delaying the game.
6:25 of 1st period - Brendan Gallagher wins face-off versus Vincent Trocheck in Panthers zone.
6:26 of 1st period - Snap shot by Bo Horvat.
6:26 of 1st period - Stopped by Pekka Rinne without a rebound.
6:27 of 1st period - Vincent Trocheck wins face-off versus Bo Horvat in Panthers zone.
7:00 of 1st period - Slapshot by Matthew Tkachuk.
7:00 of 1st period - Stopped by Pekka Rinne with a rebound.
7:02 of 1st period - Snap shot by Charlie Coyle.
7:02 of 1st period - Stopped by Pekka Rinne without a rebound.
7:03 of 1st period - Pierre-Luc Dubois wins face-off versus Travis Zajac in Panthers zone.
7:08 of 1st period - Wrist shot by Pierre-Luc Dubois.
7:08 of 1st period - Stopped by Pekka Rinne with a rebound.
7:38 of 1st period - Slapshot by Brendan Gallagher.
7:38 of 1st period - Shot Blocked by Jonas Siegenthaler.
8:18 of 1st period - Jacob Trouba is hit by Jacob de La Rose and loses puck.
8:24 of 1st period - Penalty to Marcus Foligno is over, Marcus Foligno is back on ice.
8:35 of 1st period - Matt Moulson is hit by Filip Zadina and loses puck.
8:55 of 1st period - Wrist shot by Nick Ritchie.
8:55 of 1st period - Stopped by Pekka Rinne with a rebound.
8:57 of 1st period - Wrist shot by Nick Ritchie.
8:57 of 1st period - Shot Blocked by Vincent Trocheck.
8:59 of 1st period - Snap shot by Jacob Trouba.
8:59 of 1st period - Shot Misses the Net.
9:01 of 1st period - Snap shot by Jay Beagle.
9:01 of 1st period - Shot Blocked by Nathan Beaulieu.
9:03 of 1st period - Wrist shot by Esa Lindell.
9:03 of 1st period - Shot Misses the Net.
9:27 of 1st period - Wrist shot by Nikita Gusev.
9:27 of 1st period - Stopped by John Gibson with a rebound.
9:29 of 1st period - Wrist shot by Marcus Foligno.
9:29 of 1st period - Stopped by John Gibson without a rebound.
9:30 of 1st period - Nick Schmaltz wins face-off versus Travis Zajac in Maroons zone.
9:55 of 1st period - Jonas Siegenthaler is hit by Brendan Gallagher and loses puck.
10:04 of 1st period - Snap shot by Matt Moulson.
10:04 of 1st period - Deflect By Josh Norris.
10:04 of 1st period - Shot Misses the Net.
10:04 of 1st period - Puck is out of play.
10:05 of 1st period - Travis Zajac wins face-off versus Bryan Rust in Maroons zone.
10:55 of 1st period - Slapshot by Vincent Trocheck.
10:55 of 1st period - Stopped by John Gibson without a rebound.
10:56 of 1st period - Bo Horvat wins face-off versus Vincent Trocheck in Maroons zone.
11:05 of 1st period - Wrist shot by Brendan Gallagher.
11:05 of 1st period - Shot Misses the Net.
11:07 of 1st period - Slapshot by Bryan Rust.
11:07 of 1st period - Stopped by Pekka Rinne without a rebound.
11:08 of 1st period - Vincent Trocheck wins face-off versus Bo Horvat in Panthers zone.
11:19 of 1st period - Slapshot by Vincent Trocheck.
11:19 of 1st period - Shot Misses the Net.
12:25 of 1st period - Wrist shot by Matt Moulson.
12:25 of 1st period - Stopped by John Gibson without a rebound.
12:26 of 1st period - Bo Horvat wins face-off versus Mats Zuccarello in Maroons zone.
13:01 of 1st period - Snap shot by Filip Zadina.
13:01 of 1st period - Stopped by Pekka Rinne without a rebound.
13:02 of 1st period - Travis Zajac wins face-off versus Nick Schmaltz in Panthers zone.
13:07 of 1st period - Wrist shot by Nikita Gusev.
13:07 of 1st period - Shot Blocked by Ryan McDonagh.
13:09 of 1st period - Slapshot by Patrik Nemeth.
13:09 of 1st period - Shot Misses the Net.
13:11 of 1st period - Snap shot by Patrik Nemeth.
13:11 of 1st period - Stopped by John Gibson with a rebound.
13:13 of 1st period - Slapshot by Patrik Nemeth.
13:13 of 1st period - Stopped by John Gibson with a rebound.
13:15 of 1st period - Slapshot by Jonas Siegenthaler.
13:15 of 1st period - Stopped by John Gibson without a rebound.
13:16 of 1st period - Travis Zajac wins face-off versus Brendan Gallagher in Maroons zone.
13:52 of 1st period - Snap shot by Pierre-Luc Dubois.
13:52 of 1st period - Stopped by Pekka Rinne with a rebound.
14:22 of 1st period - Icing by Brenden Dillon.
14:23 of 1st period - Jacob de La Rose wins face-off versus Nick Schmaltz in Maroons zone.
15:27 of 1st period - Wrist shot by Matthew Tkachuk.
15:27 of 1st period - Goal by Matthew Tkachuk - Panthers : 0 - Maroons : 1.
15:28 of 1st period - Bo Horvat wins face-off versus Vincent Trocheck in neutral zone.
15:45 of 1st period - Snap shot by Bo Horvat.
15:45 of 1st period - Stopped by Pekka Rinne without a rebound.
15:46 of 1st period - Pierre-Luc Dubois wins face-off versus Travis Zajac in Panthers zone.
16:01 of 1st period - Slapshot by Marcus Foligno.
16:01 of 1st period - Shot Blocked by Esa Lindell.
17:29 of 1st period - Snap shot by Filip Zadina.
17:29 of 1st period - Stopped by Pekka Rinne without a rebound.
17:30 of 1st period - Bo Horvat wins face-off versus Travis Zajac in Panthers zone.
17:34 of 1st period - Minor Penalty to Marcus Foligno for Hooking.
17:35 of 1st period - Bo Horvat wins face-off versus Vincent Trocheck in Panthers zone.
17:45 of 1st period - Snap shot by Brendan Gallagher.
17:45 of 1st period - Stopped by Pekka Rinne without a rebound.
17:46 of 1st period - Vincent Trocheck wins face-off versus Bo Horvat in Panthers zone.
18:20 of 1st period - Wrist shot by Matthew Tkachuk.
18:20 of 1st period - Stopped by Pekka Rinne without a rebound.
18:21 of 1st period - Pierre-Luc Dubois wins face-off versus Travis Zajac in Panthers zone.
19:34 of 1st period - Penalty to Marcus Foligno is over, Marcus Foligno is back on ice.
Goals for this period are 0 for Panthers vs 1 for Maroons.
Shots for this period are 10 for Panthers vs 14 for Maroons.

2nd period


0:01 of 2nd period - Bo Horvat wins face-off versus Vincent Trocheck in neutral zone.
0:29 of 2nd period - Snap shot by Matthew Tkachuk.
0:29 of 2nd period - Stopped by Pekka Rinne without a rebound.
0:30 of 2nd period - Pierre-Luc Dubois wins face-off versus Travis Zajac in Panthers zone.
0:33 of 2nd period - Wrist shot by Pierre-Luc Dubois.
0:33 of 2nd period - Shot Blocked by Nikita Gusev.
0:55 of 2nd period - Charlie Coyle is hit by Marcus Foligno and loses puck.
1:14 of 2nd period - Icing by Charlie Coyle.
1:15 of 2nd period - Taylor Hall wins face-off versus Pierre-Luc Dubois in Maroons zone.
2:20 of 2nd period - Slapshot by Taylor Hall.
2:20 of 2nd period - Shot Blocked by Brenden Dillon.
2:32 of 2nd period - Pierre-Luc Dubois is hit by Vincent Trocheck and loses puck.
2:45 of 2nd period - Wrist shot by Pierre-Luc Dubois.
2:45 of 2nd period - Stopped by Pekka Rinne without a rebound.
2:46 of 2nd period - Bo Horvat wins face-off versus Travis Zajac in Panthers zone.
2:49 of 2nd period - Wrist shot by Bryan Rust.
2:49 of 2nd period - Stopped by Pekka Rinne without a rebound.
2:50 of 2nd period - Bryan Rust wins face-off versus Travis Zajac in Panthers zone.
2:57 of 2nd period - Snap shot by Nikita Gusev.
2:57 of 2nd period - Stopped by John Gibson without a rebound.
2:58 of 2nd period - Bo Horvat wins face-off versus Travis Zajac in Maroons zone.
3:28 of 2nd period - Jamie Oleksiak is hit by Nicolas Aube-Kubel and loses puck.
3:43 of 2nd period - Snap shot by Rocco Grimaldi.
3:43 of 2nd period - Shot Misses the Net.
3:45 of 2nd period - Slapshot by Nathan Beaulieu.
3:45 of 2nd period - Deflect By Rocco Grimaldi.
3:45 of 2nd period - Shot Blocked by Filip Zadina.
3:45 of 2nd period - Puck is out of play.
3:46 of 2nd period - Jacob de La Rose wins face-off versus Nick Schmaltz in Maroons zone.
3:47 of 2nd period - Wrist shot by Rocco Grimaldi.
3:47 of 2nd period - Shot Misses the Net.
3:49 of 2nd period - Snap shot by Garnet Hathaway.
3:49 of 2nd period - Shot Misses the Net.
4:01 of 2nd period - Slapshot by Jacob de La Rose.
4:01 of 2nd period - Stopped by John Gibson without a rebound.
4:02 of 2nd period - Bo Horvat wins face-off versus Travis Zajac in Maroons zone.
4:02 of 2nd period - Bo Horvat is hit by Nikita Gusev.
4:18 of 2nd period - Brendan Gallagher is hit by Marcus Foligno and loses puck.
4:25 of 2nd period - Jacob Trouba is hit by Greg Pateryn and loses puck.
4:42 of 2nd period - Snap shot by Bo Horvat.
4:42 of 2nd period - Stopped by Pekka Rinne without a rebound.
4:43 of 2nd period - Pierre-Luc Dubois wins face-off versus Vincent Trocheck in Panthers zone.
4:50 of 2nd period - Snap shot by Matthew Tkachuk.
4:50 of 2nd period - Stopped by Pekka Rinne without a rebound.
4:51 of 2nd period - Pierre-Luc Dubois wins face-off versus Mats Zuccarello in Panthers zone.
5:07 of 2nd period - Minor Penalty to Mats Zuccarello for High sticking.
5:08 of 2nd period - Vincent Trocheck wins face-off versus Bo Horvat in Panthers zone.
5:08 of 2nd period - Vincent Trocheck is hit by Jacob Trouba.
6:41 of 2nd period - Bryan Rust is hit by Jacob de La Rose and loses puck.
7:07 of 2nd period - Penalty to Mats Zuccarello is over, Mats Zuccarello is back on ice.
7:26 of 2nd period - Wrist shot by Mats Zuccarello.
7:26 of 2nd period - Shot Misses the Net.
7:28 of 2nd period - Snap shot by Jacob de La Rose.
7:28 of 2nd period - Shot Blocked by Esa Lindell.
7:30 of 2nd period - Snap shot by Vincent Trocheck.
7:30 of 2nd period - Stopped by John Gibson without a rebound.
7:31 of 2nd period - Nick Schmaltz wins face-off versus Josh Norris in Maroons zone.
7:56 of 2nd period - Nick Ritchie is hit by Nikita Gusev and loses puck.
8:15 of 2nd period - Snap shot by Rocco Grimaldi.
8:15 of 2nd period - Shot Misses the Net.
8:54 of 2nd period - Filip Zadina is hit by Tyson Barrie and loses puck.
9:05 of 2nd period - Cal Clutterbuck is hit by Travis Zajac and loses puck.
9:38 of 2nd period - Ryan McDonagh is hit by Jonas Siegenthaler and loses puck.
9:43 of 2nd period - Slapshot by Taylor Hall.
9:43 of 2nd period - Shot Blocked by Brendan Gallagher.
10:19 of 2nd period - Snap shot by Nick Schmaltz.
10:19 of 2nd period - Shot Misses the Net.
10:21 of 2nd period - Snap shot by Nick Schmaltz.
10:21 of 2nd period - Stopped by Pekka Rinne without a rebound.
10:22 of 2nd period - Travis Zajac wins face-off versus Nick Schmaltz in Panthers zone.
10:33 of 2nd period - Wrist shot by Nick Schmaltz.
10:33 of 2nd period - Stopped by Pekka Rinne with a rebound.
10:35 of 2nd period - Slapshot by Ryan McDonagh.
10:35 of 2nd period - Shot Blocked by Jonas Siegenthaler.
10:37 of 2nd period - Slapshot by Ryan McDonagh.
10:37 of 2nd period - Shot Blocked by Jonas Siegenthaler.
11:57 of 2nd period - Greg Pateryn is hit by Cal Clutterbuck and loses puck.
12:08 of 2nd period - Brendan Gallagher is hit by Josh Norris and loses puck.
12:13 of 2nd period - Snap shot by Josh Archibald.
12:13 of 2nd period - Stopped by John Gibson with a rebound.
12:15 of 2nd period - Wrist shot by Matt Moulson.
12:15 of 2nd period - Shot Blocked by Brenden Dillon.
12:17 of 2nd period - Snap shot by Josh Archibald.
12:17 of 2nd period - Shot Misses the Net.
12:19 of 2nd period - Slapshot by Nathan Beaulieu.
12:19 of 2nd period - Stopped by John Gibson with a rebound.
13:29 of 2nd period - Bryan Rust is hit by Vincent Trocheck and loses puck.
13:46 of 2nd period - Bo Horvat is hit by Marcus Foligno and loses puck.
13:51 of 2nd period - Wrist shot by Nikita Gusev.
13:51 of 2nd period - Stopped by John Gibson with a rebound.
13:53 of 2nd period - Snap shot by Marcus Foligno.
13:53 of 2nd period - Shot Misses the Net.
15:10 of 2nd period - Wrist shot by Matthew Tkachuk.
15:10 of 2nd period - Stopped by Pekka Rinne with a rebound.
15:12 of 2nd period - Slapshot by Brenden Dillon.
15:12 of 2nd period - Shot Misses the Net.
15:14 of 2nd period - Slapshot by Brenden Dillon.
15:14 of 2nd period - Deflect By Pierre-Luc Dubois.
15:14 of 2nd period - Stopped by Pekka Rinne with a rebound.
15:46 of 2nd period - Patrik Nemeth is hit by Carl Gunnarsson and loses puck.
15:57 of 2nd period - Wrist shot by Nick Schmaltz.
15:57 of 2nd period - Stopped by Pekka Rinne without a rebound.
15:58 of 2nd period - Pierre-Luc Dubois wins face-off versus Mats Zuccarello in Panthers zone.
16:49 of 2nd period - Carl Gunnarsson is hit by Nikita Gusev and loses puck.
17:42 of 2nd period - Backhand shot by Vincent Trocheck.
17:42 of 2nd period - Stopped by John Gibson with a rebound.
17:44 of 2nd period - Wrist shot by Taylor Hall.
17:44 of 2nd period - Shot Misses the Net.
17:54 of 2nd period - Slapshot by Josh Archibald.
17:54 of 2nd period - Shot Misses the Net.
17:56 of 2nd period - Wrist shot by Josh Norris.
17:56 of 2nd period - Shot Blocked by Bo Horvat.
17:58 of 2nd period - Wrist shot by Josh Norris.
17:58 of 2nd period - Stopped by John Gibson with a rebound.
18:00 of 2nd period - Wrist shot by Josh Archibald.
18:00 of 2nd period - Goal by Josh Archibald - Panthers : 1 - Maroons : 1.
18:01 of 2nd period - Vincent Trocheck wins face-off versus Bo Horvat in neutral zone.
18:49 of 2nd period - Nick Schmaltz is hit by Jonas Siegenthaler and loses puck.
19:02 of 2nd period - Nick Schmaltz is hit by Jonas Siegenthaler and loses puck.
19:27 of 2nd period - Wrist shot by Filip Zadina.
19:27 of 2nd period - Stopped by Pekka Rinne with a rebound.
19:29 of 2nd period - Slapshot by Brenden Dillon.
19:29 of 2nd period - Stopped by Pekka Rinne without a rebound.
19:30 of 2nd period - Travis Zajac wins face-off versus Bryan Rust in Panthers zone.
Goals for this period are 1 for Panthers vs 0 for Maroons.
Shots for this period are 9 for Panthers vs 12 for Maroons.

3rd period


0:01 of 3rd period - Marcus Foligno wins face-off versus Bo Horvat in neutral zone.
0:04 of 3rd period - Snap shot by Nikita Gusev.
0:04 of 3rd period - Stopped by John Gibson with a rebound.
0:06 of 3rd period - Backhand shot by Travis Zajac.
0:06 of 3rd period - Shot Blocked by Jacob Trouba.
0:08 of 3rd period - Slapshot by Patrik Nemeth.
0:08 of 3rd period - Stopped by John Gibson with a rebound.
0:10 of 3rd period - Snap shot by Travis Zajac.
0:10 of 3rd period - Shot Misses the Net.
0:12 of 3rd period - Snap shot by Marcus Foligno.
0:12 of 3rd period - Shot Misses the Net.
0:22 of 3rd period - Minor Penalty to Bryan Rust for Slashing.
0:23 of 3rd period - Bo Horvat wins face-off versus Vincent Trocheck in Maroons zone.
0:54 of 3rd period - Marcus Foligno is hit by Bo Horvat and loses puck.
2:22 of 3rd period - Penalty to Bryan Rust is over, Bryan Rust is back on ice.
2:29 of 3rd period - Snap shot by Matthew Tkachuk.
2:29 of 3rd period - Shot Misses the Net.
2:31 of 3rd period - Wrist shot by Nicolas Aube-Kubel.
2:31 of 3rd period - Shot Misses the Net.
2:33 of 3rd period - Backhand shot by Rasmus Sandin.
2:33 of 3rd period - Deflect By Nick Ritchie.
2:33 of 3rd period - Stopped by Pekka Rinne without a rebound.
2:34 of 3rd period - Jay Beagle wins face-off versus Josh Norris in Panthers zone.
2:41 of 3rd period - Snap shot by Nicolas Aube-Kubel.
2:41 of 3rd period - Stopped by Pekka Rinne with a rebound.
2:43 of 3rd period - Wrist shot by Nick Ritchie.
2:43 of 3rd period - Stopped by Pekka Rinne with a rebound.
2:45 of 3rd period - Slapshot by Carl Gunnarsson.
2:45 of 3rd period - Shot Misses the Net.
2:47 of 3rd period - Snap shot by Nick Ritchie.
2:47 of 3rd period - Goal by Nick Ritchie - Panthers : 1 - Maroons : 2.
2:48 of 3rd period - Vincent Trocheck wins face-off versus Bo Horvat in neutral zone.
3:01 of 3rd period - Snap shot by Mats Zuccarello.
3:01 of 3rd period - Stopped by John Gibson with a rebound.
5:40 of 3rd period - Snap shot by Mats Zuccarello.
5:40 of 3rd period - Deflect By Taylor Hall.
5:40 of 3rd period - Shot Blocked by Nicolas Aube-Kubel.
5:40 of 3rd period - Puck is out of play.
5:41 of 3rd period - Vincent Trocheck wins face-off versus Nick Ritchie in Maroons zone.
6:42 of 3rd period - Icing by Patrik Nemeth.
6:43 of 3rd period - Bo Horvat wins face-off versus Vincent Trocheck in Panthers zone.
7:19 of 3rd period - Backhand shot by Matthew Tkachuk.
7:19 of 3rd period - Shot Blocked by Taylor Hall.
7:40 of 3rd period - Off-side.
7:41 of 3rd period - Travis Zajac wins face-off versus Bo Horvat in neutral zone.
8:14 of 3rd period - Snap shot by Josh Norris.
8:14 of 3rd period - Shot Blocked by Charlie Coyle.
8:16 of 3rd period - Snap shot by Tyson Barrie.
8:16 of 3rd period - Shot Misses the Net.
8:18 of 3rd period - Snap shot by Josh Archibald.
8:18 of 3rd period - Stopped by John Gibson without a rebound.
8:19 of 3rd period - Pierre-Luc Dubois wins face-off versus Josh Norris in Maroons zone.
8:24 of 3rd period - Slapshot by Pierre-Luc Dubois.
8:24 of 3rd period - Stopped by Pekka Rinne without a rebound.
8:25 of 3rd period - Pierre-Luc Dubois wins face-off versus Josh Norris in Panthers zone.
8:26 of 3rd period - Snap shot by Matthew Tkachuk.
8:26 of 3rd period - Shot Misses the Net.
8:38 of 3rd period - Backhand shot by Matthew Tkachuk.
8:38 of 3rd period - Shot Blocked by Jamie Oleksiak.
8:40 of 3rd period - Slapshot by Brenden Dillon.
8:40 of 3rd period - Stopped by Pekka Rinne with a rebound.
8:42 of 3rd period - Snap shot by Charlie Coyle.
8:42 of 3rd period - Shot Misses the Net.
9:31 of 3rd period - Nathan Beaulieu is hit by Matthew Tkachuk and loses puck.
9:40 of 3rd period - Snap shot by Matthew Tkachuk.
9:40 of 3rd period - Stopped by Pekka Rinne without a rebound.
9:41 of 3rd period - Bo Horvat wins face-off versus Travis Zajac in Panthers zone.
9:53 of 3rd period - Snap shot by Marcus Foligno.
9:53 of 3rd period - Stopped by John Gibson with a rebound.
9:55 of 3rd period - Slapshot by Jonas Siegenthaler.
9:55 of 3rd period - Shot Misses the Net.
9:57 of 3rd period - Slapshot by Marcus Foligno.
9:57 of 3rd period - Stopped by John Gibson without a rebound.
9:58 of 3rd period - Vincent Trocheck wins face-off versus Pierre-Luc Dubois in Maroons zone.
10:15 of 3rd period - Tyson Barrie is hit by Esa Lindell.
10:45 of 3rd period - Minor Penalty to Travis Zajac for Holding.
10:46 of 3rd period - Vincent Trocheck wins face-off versus Bryan Rust in Panthers zone.
12:28 of 3rd period - Tyson Barrie is hit by Brenden Dillon and loses puck.
12:41 of 3rd period - Brenden Dillon is hit by Jonas Siegenthaler and loses puck.
12:45 of 3rd period - Penalty to Travis Zajac is over, Travis Zajac is back on ice.
12:52 of 3rd period - Jonas Siegenthaler is hit by Brendan Gallagher and loses puck.
13:02 of 3rd period - Off-side.
13:03 of 3rd period - Vincent Trocheck wins face-off versus Pierre-Luc Dubois in neutral zone.
13:14 of 3rd period - Snap shot by Pierre-Luc Dubois.
13:14 of 3rd period - Stopped by Pekka Rinne with a rebound.
14:03 of 3rd period - Wrist shot by Nick Ritchie.
14:03 of 3rd period - Shot Misses the Net.
14:15 of 3rd period - Wrist shot by Rocco Grimaldi.
14:15 of 3rd period - Stopped by John Gibson with a rebound.
14:17 of 3rd period - Slapshot by Nathan Beaulieu.
14:17 of 3rd period - Stopped by John Gibson without a rebound.
14:18 of 3rd period - Jacob de La Rose wins face-off versus Nick Schmaltz in Maroons zone.
14:33 of 3rd period - Snap shot by Filip Zadina.
14:33 of 3rd period - Stopped by Pekka Rinne with a rebound.
15:01 of 3rd period - Esa Lindell is hit by Vincent Trocheck and loses puck.
16:14 of 3rd period - Mats Zuccarello is hit by Matthew Tkachuk and loses puck.
16:38 of 3rd period - Slapshot by Jacob Trouba.
16:38 of 3rd period - Shot Misses the Net.
16:44 of 3rd period - Snap shot by Vincent Trocheck.
16:44 of 3rd period - Stopped by John Gibson with a rebound.
16:46 of 3rd period - Snap shot by Mats Zuccarello.
16:46 of 3rd period - Stopped by John Gibson without a rebound.
16:47 of 3rd period - Bo Horvat wins face-off versus Josh Archibald in Maroons zone.
17:34 of 3rd period - Minor Penalty to Nick Ritchie for Holding.
17:35 of 3rd period - Travis Zajac wins face-off versus Bo Horvat in Maroons zone.
17:37 of 3rd period - Wrist shot by Travis Zajac.
17:37 of 3rd period - Shot Blocked by Bo Horvat.
17:39 of 3rd period - Slapshot by Nathan Beaulieu.
17:39 of 3rd period - Deflect By Nikita Gusev.
17:39 of 3rd period - Stopped by John Gibson with a rebound.
17:41 of 3rd period - Slapshot by Patrik Nemeth.
17:41 of 3rd period - Stopped by John Gibson with a rebound.
17:43 of 3rd period - Slapshot by Nathan Beaulieu.
17:43 of 3rd period - Stopped by John Gibson with a rebound.
17:45 of 3rd period - Slapshot by Nikita Gusev.
17:45 of 3rd period - Goal by Nikita Gusev - Panthers : 2 - Maroons : 2.
17:46 of 3rd period - Nick Schmaltz wins face-off versus Josh Norris in neutral zone.
19:05 of 3rd period - Snap shot by Filip Zadina.
19:05 of 3rd period - Deflect By Cal Clutterbuck.
19:05 of 3rd period - Shot Misses the Net.
19:05 of 3rd period - Puck is out of play.
19:06 of 3rd period - Cal Clutterbuck wins face-off versus Josh Norris in Panthers zone.
19:49 of 3rd period - Slapshot by Matt Moulson.
19:49 of 3rd period - Stopped by John Gibson without a rebound.
19:50 of 3rd period - Pierre-Luc Dubois wins face-off versus Travis Zajac in Maroons zone.
19:50 of 3rd period - Pierre-Luc Dubois is hit by Nikita Gusev.
19:53 of 3rd period - Minor Penalty to Jacob Trouba for Holding.
19:54 of 3rd period - Vincent Trocheck wins face-off versus Bryan Rust in Maroons zone.
Goals for this period are 1 for Panthers vs 1 for Maroons.
Shots for this period are 15 for Panthers vs 9 for Maroons.

Overtime #1


0:01 of 1st overtime period - Vincent Trocheck wins face-off versus Bo Horvat in neutral zone.
1:53 of 1st overtime period - Penalty to Jacob Trouba is over, Jacob Trouba is back on ice.
2:19 of 1st overtime period - Patrik Nemeth is hit by Pierre-Luc Dubois and loses puck.
2:26 of 1st overtime period - Wrist shot by Brendan Gallagher.
2:26 of 1st overtime period - Goal by Brendan Gallagher - Panthers : 2 - Maroons : 3.
Goals for this period are 0 for Panthers vs 1 for Maroons.
Shots for this period are 0 for Panthers vs 1 for Maroons.